 Dungeon Crawl Stone Soup version 0.29-a0-275-g389c0b56f3 (webtiles) character file.

Game seed: 2762339163265347916

524 spaghetti the Conjurer (level 7, -3/59 HPs)
             Began as an Ogre Conjurer on Mar 10, 2022.
             Was an Initiate of Gozag.
             Slain by an iguana (12 damage)
             ... on level 5 of the Dungeon.
             The game lasted 00:08:30 (5230 turns).

spaghetti the Conjurer (Ogre Conjurer)              Turns: 5230, Time: 00:08:31

Health: -3/59      AC:  4    Str: 12    XL:     7   Next: 22%
Magic:  3/14       EV:  9    Int: 21    God:    Gozag
Gold:   180        SH:  0    Dex:  7    Spells: 5/15 levels left

rFire   . . .      SeeInvis .   x - +0 dagger (protect) {short}
rCold   . . .      Faith    .   (no shield)
rNeg    . . .      Spirit   .   a - +0 robe
rPois   +          Reflect  .   (helmet restricted)
rElec   .          Harm     .   b - +0 cloak {rPois}
rCorr   .          Rampage  .   (gloves unavailable)
Will    .....                   (boots unavailable)
Stlth   +.........              (no amulet)
HPRegen 0.19/turn               m - ring of wizardry
MPRegen 0.14/turn               (no ring)

@: about to teleport, attractive, slowed, very slow
A: large, unfitting armour, tough skin 1
a: Renounce Religion, Potion Petition, Call Merchant, Bribe Branch


You were on level 5 of the Dungeon.
You worshipped Gozag.
Gozag was aware of your devotion.
You visited 2 branches of the dungeon, and saw 6 of its levels.

You collected 221 gold pieces.
You paid 41 gold pieces to Gozag.


Innate Abilities, Weirdness & Mutations

You are too large for most types of armour.
You have tough skin. (AC +1)


   Skills:
 - Level 1.7 Dodging
 - Level 1.4 Stealth
 + Level 4.8 Spellcasting
 * Level 6.3 Conjurations
 + Level 2.3 Fire Magic


You had 5 spell levels left.
You knew the following spells:

 Your Spells              Type           Power      Damage    Failure   Level
a - Magic Dart            Conj           100%       1d8       1%          1
b - Searing Ray           Conj           62%        2d6       1%          2
c - Dazzling Flash        Conj/Hex       36%        N/A       3%          3
d - Flame Wave            Conj/Fire      23%        2d7       8%          4

Your spell library contained the following spells:

 Spells                   Type           Power      Damage    Failure   Level
 Foxfire                  Conj/Fire      92%        2x1d8     1%          1
 Conjure Flame            Conj/Fire      23%        6-21      2%          3
 Ensorcelled Hibernation  Hex/Ice        10%        N/A       7%          2
 Passwall                 Tmut/Erth      4%         N/A       7%          2
 Sublimation of Blood     Necr           5%         N/A       7%          2
 Inner Flame              Hex/Fire       9%         N/A       9%          3
 Fulminant Prism          Conj/Hex       9%         3d7       12%         4
 Iskenderun's Mystic Bla  Conj/Tloc      18%        2d6       12%         4
 Swiftness                Air            5%         N/A       13%         3
 Irradiate                Conj/Tmut      9%         3d16      32%         5
 Petrify                  Tmut/Erth      5%         N/A       38%         4

Inventory:

Hand Weapons
 x - a +0 dagger of protection (weapon) {short}
   (You found it on level 3 of the Dungeon)
Missiles
 f - 106 stones {throwing}
 k - 4 poisoned darts {throwing}
Armour
 a - a +0 robe (worn)
 b - a +0 cloak of poison resistance (worn)
   (You found it on level 3 of the Dungeon)
Jewellery
 c - an amulet of faith {!P}
   (You found it on level 4 of the Dungeon)
 m - a ring of wizardry (left hand)
   (You found it on level 2 of the Dungeon)
Wands
 e - a wand of iceblast (8)
   (You found it on level 4 of the Dungeon)
Scrolls
 g - a scroll of enchant weapon
 i - a scroll of immolation {!r!r}
 j - a scroll of torment {!r}
 l - 3 scrolls of amnesia
 p - 3 scrolls of enchant armour
 v - a scroll of fog
Potions
 d - a potion of magic

Dungeon Overview and Level Annotations

Branches:
Dungeon (5/15)             Temple (1/1) D:4

Altars:
Ashenzari
Cheibriados
Dithmenos
Elyvilon
Gozag
Kikubaaqudgha
Makhleb
Nemelex Xobeh
Okawaru
Vehumet
Wu Jian
Xom

#.. .. ..
.#####
#ยง#..#####.
#..........
#..##l........
#....@.......
###......##..
#...#.....#
##..#.....#
#..# ....#
#..# .....
.... .... ....
....


You could see an iguana.


Message History

The searing ray hits the hornet. (Press . to maintain the ray.) ๐Ÿ˜Ž MP[-2]
You lost 2 mp, and now have 11/14 mp.
The searing ray misses the hornet. ๐Ÿ˜Ž MP[-1]
You lost 1 mp, and now have 10/14 mp.
The searing ray misses the hornet.
The hornet stings you! ๐Ÿ˜• HP[-9] MP[-1]
You take 9 damage, and now have 50/59 hp.
You lost 1 mp, and now have 9/14 mp.
The searing ray misses the hornet.
You finish channelling your searing ray.
The hornet stings you.
You feel yourself slow down.
The hornet barely misses you. ๐Ÿ˜• HP[-1] MP[-1]
You take 1 damage, and now have 49/59 hp.
You lost 1 mp, and now have 8/14 mp.
Casting: Searing Ray (safe; 1% risk of failure)
Confirm with . or Enter, or press ? or * to list all spells.
Aiming: Searing Ray (safe; 1% risk of failure)
Press: ? - help, Shift-Dir - straight line, f/p - hornet
Aim: a hornet (lightly wounded, 69% to hit)
The searing ray hits the hornet but does no damage. (Press . to maintain the ray.)
The hornet stings you! x2
* * * LOW HITPOINT WARNING * * *
You suddenly lose the ability to move!
You feel yourself speed up. The hornet stings you.
* * * LOW HITPOINT WARNING * * *
You feel yourself slow down. The hornet stings you.
* * * LOW HITPOINT WARNING * * *
You shrug off the repeated paralysis!
The hornet stings you.
* * * LOW HITPOINT WARNING * * *
You can move again. ๐Ÿ˜จ HP[-30] MP[-1]
You take 30 damage, and now have 19/59 hp.
MASSIVE DAMAGE!! (PAUSE)
You lost 1 mp, and now have 7/14 mp.
Unknown command.
Really read
h - a scroll of blinking {!r}?
Blink to where?
Press: ? - help, Dir - move target, p - hornet
As you read the scroll of blinking {!r}, it crumbles to dust.
You feel yourself speed up.
Okay, then.
Okay, then.
It was a potion of curing.
You feel better. ๐Ÿ˜จ HP[+6]
You regained 6 hp, and now have 25/59 hp.
It was a potion of attraction.
You feel attractive to monsters. The hornet is attracted toward you.
Aiming: Iceblast
Press: ? - help, Shift-Dir - straight line, f - hornet
Aim: a hornet (lightly wounded)
Okay, then.
Okay, then.
Okay, then.
As you read the scroll of teleportation {@r4}, it crumbles to dust.
You feel strangely unstable. The hornet stings you.
* * * LOW HITPOINT WARNING * * *
The hornet stings you!
* * * LOW HITPOINT WARNING * * *
๐Ÿ˜ฑ HP[-13]
You take 13 damage, and now have 12/59 hp.
MASSIVE DAMAGE!! (PAUSE) Unknown command.
Unknown command.
Casting: Searing Ray (safe; 1% risk of failure)
Confirm with . or Enter, or press ? or * to list all spells.
Casting: Flame Wave (dangerous; 8% risk of failure)
Press: ? - help, Dir - look around, f - activate A wave of flame ripples out!
The flame wave engulfs the hornet. (Press . to intensify the flame waves.)
The hornet stings you.
* * * LOW HITPOINT WARNING * * *
You feel yourself slow down. ๐Ÿ˜ฑ HP[-4] MP[-4]
You take 4 damage, and now have 8/59 hp.
You lost 4 mp, and now have 3/14 mp.
Unknown command.
A wave of flame ripples out!
The flame wave engulfs the hornet!
Your surroundings suddenly seem different.
An iguana comes into view.
The iguana is attracted toward you.
Unknown command.
Unknown command.
Unknown command.
Unknown command.
As you read the scroll of teleportation {@r4}, it crumbles to dust.
You feel strangely unstable.
The iguana hisses angrily.
The iguana bites you!
You die...
Your body crumbles into a pile of gold.

Skill      XL: |  1  2  3  4  5  6 |
---------------+-------------------+-----
Conjurations   | 4 5 6 |  6.3
Spellcasting   | 3 4 |  4.8
Fire Magic     | 1 2 |  2.3
Dodging        | |  1.7
Stealth        | |  1.4

Action                   |  1- 3 |  4- 6 |  7- 9 || total
-------------------------+-------+-------+-------++-------
Melee: Unarmed           |    45 |    36 |       ||    81
       Punch             |     1 |       |       ||     1
       Dagger            |       |    56 |       ||    56
 Cast: Magic Dart        |    74 |    65 |     1 ||   140
       Searing Ray       |       |     7 |     2 ||     9
       Dazzling Flash    |       |     1 |       ||     1
       Flame Wave        |       |       |     1 ||     1
  Use: Scroll            |       |     8 |     3 ||    11
       Potion            |       |     1 |     2 ||     3
Armor: Robe              |    17 |    43 |       ||    60
Dodge: Dodged            |    19 |    45 |     1 ||    65

Levels and vault maps discovered:
D:1:      pf_arrival_petrified_forest, layout_basic, serial_bayou,
          serial_bayou_pond_d, serial_bayou_pond_a, serial_bayou_lagoon_b,
          serial_bayou_ford_a
D:2:      layout_basic, nicolae_ecumenical_snake_handling
D:3:      layout_basic
D:4:      layout_loops_corners, minmay_temple_entry_drinking_statues
D:5:      layout_layer_cave, nicolae_uskayaw_suspiria,
          grunt_temple_overflow_open, zin_statuary, enter_ossuary_1,
          minmay_misc_feat_chi, uniq_ijyb, uniq_menkaure,
          uniq_crazy_yiuf_cottage
Temple:   nicolae_temple_x_marks_the_god

Notes
Turn   | Place    | Note
-------+----------+-------------------------------------------
     0 | D:1      | spaghetti the Ogre Conjurer began the quest for the Orb.
     0 | D:1      | Reached XP level 1. HP: 16/16 MP: 3/3
     0 | D:1      | magus.rc [v1.9.6]
   358 | D:1      | Reached XP level 2. HP: 24/24 MP: 1/5
   606 | D:1      | Reached skill level 4 in Conjurations
  1255 | D:2      | You pick up a book of Burglary and begin reading...
  1255 | D:2      | You add the spells Passwall, Ensorcelled Hibernation and
                  | Swiftness to your library.
  1288 | D:2      | Reached XP level 3. HP: 31/31 MP: 5/7
  1291 | D:2      | Learned a level 2 spell: Searing Ray
  1295 | D:2      | Learned a level 3 spell: Dazzling Flash
  1442 | D:2      | Reached skill level 3 in Spellcasting
  2258 | D:2      | Found a faded altar of an unknown god.
  2263 | D:2      | Reached XP level 4. HP: 39/39 MP: 3/9
  2606 | D:3      | HP: 9/39 [something (3)]
  2608 | D:3      | Reached skill level 5 in Conjurations
  2868 | D:3      | You pick up a book of Flames and begin reading...
  2868 | D:3      | You add the spells Foxfire, Conjure Flame, Inner Flame and
                  | Flame Wave to your library.
  2925 | D:3      | Learned a level 4 spell: Flame Wave
  2976 | D:3      | Reached XP level 5. HP: 45/45 MP: 8/10
  3640 | D:4      | Reached skill level 4 in Spellcasting
  3640 | D:4      | Reached skill level 1 in Fire Magic
  3640 | D:4      | Reached XP level 6. HP: 38/53 MP: 0/12
  3773 | D:4      | You pick up a book of Alchemy and begin reading...
  3773 | D:4      | You add the spells Sublimation of Blood, Petrify and
                  | Irradiate to your library.
  3912 | D:4      | Found a staircase to the Ecumenical Temple.
  3937 | Temple   | Entered the Ecumenical Temple
  4005 | Temple   | Became a worshipper of Gozag Ym Sagoz the Greedy
  4013 | D:4      | Noticed a sky beast
  4030 | D:4      | HP: 11/53 [something (6)]
  4031 | D:4      | Killed a sky beast
  4551 | D:4      | Reached skill level 6 in Conjurations
  4662 | D:4      | Reached skill level 2 in Fire Magic
  5048 | D:5      | Entered Level 5 of the Dungeon
  5146 | D:5      | Noticed a black bear
  5152 | D:5      | Killed a black bear
  5153 | D:5      | Reached XP level 7. HP: 59/59 MP: 5/14
  5215 | D:5      | Noticed a hornet
  5221 | D:5      | Paralysed by a hornet for 3 turns
  5227 | D:5      | HP: 12/59 [hornet (8)]
  5230 | D:5      | Slain by an iguana

Vanquished Creatures
  A black bear (D:5)
  A sky beast (D:4)
  2 scorpions (D:4)
  A hound (D:4)
  A jelly (D:4)
  An orc wizard (D:3)
  5 adders
  An ufetubus (D:4)
  2 dart slugs (D:2)
  5 orcs
  8 endoplasms
  7 giant cockroaches
  9 hobgoblins
  4 quokkas
  8 ball pythons
  6 bats
  A frilled lizard (D:1)
  4 goblins
  4 kobolds
  4 rats
75 creatures vanquished.

Table legend:
 A = Non-vault XP
 B = Vault XP
 C = Vault XP percentage of total XP
 D = Non-vault monster count
 E = Vault monster count
 F = Vault count percentage of total count
                 A         B        C        D         E       F
            +---------+---------+-------+---------+---------+-------
      Total |     721 |      28 |   3.7 |      72 |       3 |   4.0
            +---------+---------+-------+---------+---------+-------
        D:1 |      32 |       0 |   0.0 |      19 |       0 |   0.0
        D:2 |      51 |      28 |  35.4 |      20 |       3 |  13.0
        D:3 |      75 |       0 |   0.0 |      16 |       0 |   0.0
        D:4 |     427 |       0 |   0.0 |      15 |       0 |   0.0
        D:5 |     136 |       0 |   0.0 |       2 |       0 |   0.0
            +---------+---------+-------+---------+---------+-------

Illustrated notes

Table legend:
 A = Kills in this place as a percentage of kills in entire the game.
 B = Kills by you in this place as a percentage of kills by you in the entire game.
 C = Kills by friends in this place as a percentage of kills by friends in the entire game.
 D = Other kills in this place as a percentage of other kills in the entire game.
 E = Experience gained in this place as a percentage of experience gained in the entire game.
 F = Experience gained in this place divided by the number of levels of this place that you have seen.
                   A       B       C       D       E      F
               +-------+-------+-------+-------+-------+----------------------
         Total | 100.0 | 100.0 |   N/A |   N/A | 100.0 | 124.8
       Dungeon | 100.0 | 100.0 |   N/A |   N/A | 100.0 | 149.8
               +-------+-------+-------+-------+-------+----------------------

Table legend: (Time is in decaauts)
 A = Elapsed time spent in this place.
 B = Non-inter-level travel time spent in this place.
 C = Inter-level travel time spent in this place.
 D = Time resting spent in this place.
 E = Time spent auto-exploring this place.
 F = Levels seen in this place.
 G = Mean time per level.
                   A        B        C        D        E       F      G
               +--------+--------+--------+--------+--------+-----+--------+
         Total |   5259 |   5143 |    116 |    430 |   4188 |   6 |  876.5 |
       Dungeon |   5186 |   5074 |    112 |    430 |   4134 |   5 | 1037.2 |
        Temple |     72 |     68 |      4 |      0 |     54 |   1 |   72.0 |
               +--------+--------+--------+--------+--------+-----+--------+

Top non-repeatable levels by time:
     D:4: 1491 daAuts
     D:1: 1247 daAuts
     D:2: 1221 daAuts
     D:3: 1042 daAuts
     D:5: 183 daAuts
  Temple: 72 daAuts
